AoeStats
← ogipochi_

Black Forest

510016744Analyzed
4v4 RM · 3d ago on Sep 29, 2026· 19m 22s· 8 players
Game mode
Random Map
Map size
Large (8 player)
Population
200
Speed
Normal
Resources
Standard
Victory
Conquest
Starting age
Dark Age
Ending age
Imperial Age
RankedLock teamsTeams togetherTeam positionsShared explorationLock speedFull tech treeHidden civsTurbo modeCheats
Victory
Defeat
🇨🇱 Teutons · Chile
850
+18
🇲🇽 Persians · Mexico
833
+19
🇨🇱 Cumans · Chile
821
+20
🇺🇸 Bulgarians · United States
772
+21
🇲🇽 Khmer · Mexico
947
-21
🇧🇷 Italians · Brazil
946
-21
🇹🇼 Khitans · Taiwan
931
-21
🇯🇵 Saxons · Japan
780
-15
Leonidas308284
0:42 Loom
12:02 Feudal Age
13:00 Double-Bit Axe
13:12 Gold Mining
13:06 Man-at-Arms
14:01 Stone Mining
14:08 Horse Collar
19:45 Wheelbarrow
Shalashaska
1:56 Loom
14:47 Feudal Age
15:35 Double-Bit Axe
17:05 Horse Collar
gdelo13
7:53 Loom
12:18 Feudal Age
19:47 Castle Age
17:40 Horse Collar
18:09 Double-Bit Axe
セバスティアン
6:21 Loom
10:01 Loom
10:37 Loom
13:14 Feudal Age
18:25 Castle Age
16:52 Double-Bit Axe
18:01 Man-at-Arms
19:20 Squires
19:24 Town Watch
Machetekills135
0:28 Loom
13:06 Feudal Age
ogipochi_
1:07 Loom
13:09 Feudal Age
13:40 Double-Bit Axe
13:51 Town Watch
14:25 Gold Mining
15:14 Wheelbarrow
14:41 Stone Mining
15:01 Man-at-Arms
15:32 Arson
17:18 Wheelbarrow
21:10 Castle Age
aos.ceus
1:48 Loom
17:22 Feudal Age
hamelnkai
0:43 Loom
0:50 Loom
14:02 Feudal Age
14:38 Town Watch
14:51 Domestication
16:37 Double-Bit Axe
19:15 Castle Age
Connection lost

Rejoining the realm…

Still unreachable

The connection could not be restored.

Session expired

The server has moved on; the page needs a fresh start.